Map: Last Fantasy LE

Players

Matt - Winner!

  • Race: Protoss Protoss
  • League: Platinum
  • Spawn Location: 7:00

SubN

  • Race: Zerg Zerg
  • League: Diamond
  • Spawn Location: 12:00

VOD

Have the link to the VOD?

Description

Time

  • Played on: July 31, 2025, 3:57 p.m.
  • Length: 6:21
Show
View Real Time Build Order
Export as new Build Order

Matt Protoss - Winner!

Build Orders:  

Get SALT Encoding   

  12  0:01  Probe  
  13  0:13  Probe  
  14  0:23  Pylon  
  14  0:26  Probe  
  15  0:38  Probe  
  15  0:42  Gateway  
  16  0:46  Probe  
  16  0:50  Assimilator  
  16  0:55  Probe  
  17  1:03  Pylon  
  18  1:07  Probe  
  19  1:20  Probe  
  20  1:30  Cybernetics Core, Zealot  
  20  1:32  Probe  
  21  1:33  Gateway  
  23  1:44  Probe  
  24  1:57  Probe  
  25  2:10  Stalker  
  24  2:19  Nexus  
  24  2:21  Warp Gate  
  26  2:25  Stalker  
  28  2:34  Assimilator  
  28  2:36  Probe  
  29  2:43  Pylon  
  29  2:48  Adept  
  31  3:01  Probe  
  31  3:02  Stalker  
  34  3:05  Pylon  
  34  3:16  Probe  
  35  3:21  Stalker  
  37  3:28  Probe  
  37  3:32  Probe  
  39  3:38  Probe  
  39  3:40  Probe  
  40  3:46  Probe  
  41  3:48  Probe  
  41  3:50  Robotics Facility  
  43  3:59  Probe  
  43  4:00  Probe  
  45  4:05  Gateway  
  45  4:07  Pylon  
  45  4:11  Probe x2  
  47  4:19  Probe  
  47  4:23  Probe  
  49  4:27  Forge, Probe  
  49  4:35  Probe  
  49  4:37  Stalker  
  53  4:39  Probe  
  53  4:42  Assimilator  
  53  4:44  Assimilator  
  54  4:48  Probe  
  54  4:50  Immortal  
  54  4:51  Probe  
  52  5:00  Probe  
  52  5:01  Stalker x3  
  52  5:07  Shield Battery  
  55  5:22  Immortal  
  55  5:27  Robotics Facility  
  59  5:41  Stalker  
  61  5:51  Pylon  
  61  5:53  Pylon  
  55  6:03  Shield Battery  
  56  6:11  Stalker x2  
Show
View Real Time Build Order
Export as new Build Order

SubN Zerg 

Build Orders: Pool First 

Get SALT Encoding   

  12  0:00  Drone  
  13  0:11  Drone  
  14  0:15  Drone, Extractor  
  15  0:33  Spawning Pool  
  14  0:40  Overlord  
  14  0:50  Extractor  
  14  0:51  Drone  
  15  0:59  Extractor  
  15  1:00  Drone x2  
  15  1:03  Drone  
  17  1:21  Hatchery  
  17  1:25  Drone  
  17  1:28  Drone  
  18  1:40  Queen  
  18  1:44  Drone  
  21  1:56  Drone  
  22  2:01  Overlord  
  22  2:20  Roach Warren  
  21  2:25  Queen  
  21  2:29  Overlord  
  23  2:32  Zergling x4  
  23  2:35  Zergling x2  
  26  2:52  Queen  
  28  3:01  Roach x2  
  28  3:02  Roach  
  33  3:29  Roach x5  
  43  3:39  Overlord  
  43  3:41  Overlord  
  43  3:57  Overlord x2  
  43  4:01  Roach  
  45  4:05  Ravager  
  45  4:08  Ravager  
  47  4:18  Zergling x8  
  47  4:23  Overlord  
  49  4:58  Roach x5  
  54  5:04  Zergling x2  
  54  5:05  Zergling x8  
  57  5:25  Zergling x2  
  57  5:26  Zergling x10  
  51  5:55  Roach  
  51  5:56  Roach x5  
Tags
 
Add a new tag
Caveats
  • Supply blocks, unpowered buildings, or Contaminate may cause inaccurate times.
  • Supply counts are checked every 10 seconds.